 Dungeon Crawl Stone Soup version 0.20.0-10-g0535bb4 (webtiles) character file.

9 Chiseanne the Magician (level 2, 0/19 HPs)
             Began as a Demonspawn Wizard on June 6, 2017.
             Slain by a gnoll (2 damage)
             ... on level 1 of the Dungeon.
             The game lasted 00:00:42 (448 turns).

Chiseanne the Magician (Demonspawn Wizard)           Turns: 448, Time: 00:00:43

Health: 0/19       AC:  4    Str: 12    XL:     2   Next: 3%
Magic:  1/6        EV: 12    Int: 24    God:
Gold:   45         SH:  0    Dex: 11    Spells: 6/7 levels left

rFire    . . .     SeeInvis .   e - +0 short sword
rCold    . . .     Gourm    .   (no shield)
rNeg     . . .     Faith    .   a - +0 robe
rPois    .         Spirit   .   b - +0 hat
rElec    .         Reflect  .   (no cloak)
rCorr    .         Harm     .   (no gloves)
MR       .....                  (no boots)
Stlth    ++........             (no amulet)
Regen    0.1/turn               (no ring)
MPRegen  0.1/turn               (no ring)

@: mighty, brilliant, very slightly contaminated
A: yellow scales 1
a: no special abilities


You were on level 1 of the Dungeon.
You were not hungry.

You visited 1 branch of the dungeon, and saw 1 of its levels.

You collected 45 gold pieces.

Inventory:

Hand Weapons
 e - a +0 short sword (weapon)
Missiles
 i - 45 stones (quivered)
Armour
 a - a +0 robe (worn)
 b - a +0 hat (worn)
Jewellery
 j - an uncursed amulet of guardian spirit {unknown}
Scrolls
 g - a scroll of identify {unknown}
Books
 c - a book of Minor Magic

   Spells                             Type                      Level
   a - Magic Dart                     Conjuration                  1
   b - Blink                          Translocation                2
   c - Call Imp                       Summoning                    2
   d - Slow                           Hexes                        2
   e - Conjure Flame                  Conjuration/Fire             3
   f - Mephitic Cloud                 Conjuration/Poison/Air       3
Comestibles
 d - a bread ration


   Skills:
 - Level 1.7 Dodging
 - Level 1.7 Stealth
 * Level 3.2 Spellcasting
 * Level 1.5 Conjurations
   Level 1.0 Summonings
   Level 0.8 Translocations


You had 6 spell levels left.
You knew the following spells:

 Your Spells              Type           Power        Failure   Level  Hunger
a - Magic Dart            Conj           ####         1%          1    None


Dungeon Overview and Level Annotations

Branches:
Dungeon (1/15)

Altars:


Innate Abilities, Weirdness & Mutations

You are partially covered in yellow scales. (AC +2)


Message History

Casting: Magic Dart
Confirm with . or Enter, or press ? or * to list all spells.
You don't have enough magic to cast that spell.
You hit the gnoll but do no damage.
The gnoll is heavily wounded.
The gnoll completely misses you.
You barely miss the gnoll.
The gnoll is heavily wounded.
The gnoll closely misses you.
It was a potion of brilliance.
You feel clever all of a sudden. The gnoll hits you but does no damage.
It was a potion of might.
You feel very mighty all of a sudden. The gnoll hits you.
* * * LOW HITPOINT WARNING * * *
You hit the gnoll.
The gnoll is heavily wounded.
The gnoll hits you.
You die...

##. ..# ... ####.# #..
#..... #.. #.##.# #..
#.##.# #.. #.##.#
#.g####.##.# ##
#.$@.......#### .
#...................#####.
#.#################.......
#.# #...########†... #.#
#...............
########.###
#...########.###
...........#### ##.## #.#
..[...........# #.# #.#
....####.#.##.# #.# #.#


You could see a gnoll.

Vanquished Creatures
  4 bats (D:1)
  A giant cockroach (D:1)
  A hobgoblin (D:1)
  A frilled lizard (D:1)
  2 rats (D:1)
9 creatures vanquished.

Notes
Turn   | Place    | Note
-------+----------+-------------------------------------------
     0 | D:1      | Chiseanne the Demonspawn Wizard began the quest for the Orb.
     0 | D:1      | Reached XP level 1. HP: 13/13 MP: 4/4
     2 | D:1      | Noticed a troll
     2 | D:1      | Noticed a tengu
     4 | D:1      | Noticed a centaur
     4 | D:1      | Noticed a naga
     6 | D:1      | Noticed a human
     8 | D:1      | Noticed a minotaur
     8 | D:1      | Noticed a spriggan
    10 | D:1      | Noticed a dwarf
    10 | D:1      | Noticed an octopode
    12 | D:1      | Noticed a draconian
    12 | D:1      | Noticed an ogre
    14 | D:1      | Noticed a demigod
    14 | D:1      | Noticed a gargoyle
    16 | D:1      | Noticed a ghoul
    16 | D:1      | Noticed a vampire
    18 | D:1      | Noticed a halfling
    18 | D:1      | Noticed a merfolk
    20 | D:1      | Noticed a demonspawn
    20 | D:1      | Noticed a formicid
    22 | D:1      | Noticed a felid
    24 | D:1      | Noticed an elf
    24 | D:1      | Noticed a vine stalker
   335 | D:1      | Gained mutation: You are partially covered in yellow scales. (AC +2) [demonic ancestry]
   335 | D:1      | Reached XP level 2. HP: 19/19 MP: 4/6
   448 | D:1      | Slain by a gnoll

Action                   || total
-------------------------++-------
Melee: Short sword       ||     5
 Cast: Magic Dart        ||    19
  Use: Potion            ||     2
Armor: Robe              ||     1
Dodge: Dodged            ||     9
